 Dungeon Crawl Stone Soup version 0.21-a0-78-g82a99e0 (webtiles) character file.

26 grindst0ne the Shield-Bearer (level 3, -1/29 HPs)
             Began as a Formicid Fighter on June 21, 2017.
             Succumbed to an adder's poison
             ... on level 2 of the Dungeon.
             The game lasted 00:01:37 (564 turns).

grindst0ne the Shield-Bearer (Formicid Fighter)      Turns: 564, Time: 00:01:38

Health: -1/29      AC:  6    Str: 20    XL:     3   Next: 22%
Magic:  3/3        EV:  8    Int:  7    God:
Gold:   79         SH: 10    Dex: 11    Spells: 2/2 levels left

rFire    . . .     SeeInvis +   a - +0 war axe
rCold    . . .     Gourm    .   c - +0 shield
rNeg     . . .     Faith    .   b - +0 scale mail
rPois    .         Spirit   .   (helmet unavailable)
rElec    .         Reflect  .   (no cloak)
rCorr    .         Harm     .   (no gloves)
MR       .....                  (no boots)
Stlth    ..........             (no amulet)
HPRegen  0.09/turn              (no ring)
MPRegen  0.08/turn              (no ring)

@: lethally poisoned (-1 -> -15)
A: permanent stasis, dig shafts and tunnels, four strong arms, antennae 3
a: Dig, Shaft Self


You were on level 2 of the Dungeon.
You were not hungry.

You visited 1 branch of the dungeon, and saw 2 of its levels.

You collected 79 gold pieces.

Inventory:

Hand Weapons
 a - a +0 war axe (weapon)
Armour
 b - a +0 scale mail (worn)
 c - a +0 shield (worn)
Scrolls
 e - a scroll of identify {unknown}
 h - 3 scrolls of remove curse {unknown}
 j - a scroll of recharging {unknown}
 l - a scroll of fear {unknown}
 o - a scroll of blinking {unknown}
Potions
 d - a potion of might
 k - a potion of curing {unknown}
 m - a potion of heal wounds {unknown}
 n - a potion of cancellation {unknown}
Comestibles
 f - 2 bread rations
 g - 2 meat rations
 i - a chunk of flesh


   Skills:
 - Level 3.2 Fighting
 - Level 2.0 Axes
 - Level 3.2 Armour
 + Level 5.0 Shields


You had 2 spell levels left.
You didn't know any spells.

Dungeon Overview and Level Annotations

Branches:
Dungeon (2/15)

Altars:


Innate Abilities, Weirdness & Mutations

You cannot be hasted, slowed, berserked, paralysed or teleported.
You can dig through walls and to a lower floor.
Your four strong arms can wield two-handed weapons with a shield.
You have a pair of large antennae on your head. (SInv)


Message History

You are too injured to fight recklessly!
Your shield and scale mail prevent you from hitting the adder.
You feel sick. The adder bites you but does no damage. The adder bites you.
You are lethally poisoned!
The adder poisons you!
You closely miss the adder.
You feel sick. The adder closely misses you. The adder bites you.
* * * LOW HITPOINT WARNING * * *
You closely miss the adder.
* * * LOW HITPOINT WARNING * * *
You feel sick. The adder bites you but does no damage.
You block the adder's attack.
You closely miss the adder.
* * * LOW HITPOINT WARNING * * *
You feel sick. The adder bites you.
* * * LOW HITPOINT WARNING * * *
You are more poisoned.
The adder poisons you! The adder closely misses you.
You closely miss the adder.
You die...

#.#.# #######.#.#####
#............>..
#.######.#<.#### #[
#.#..#
#####.######.#..#####
..........<..........
.........###.........
#....S@...####.#####
#......†..# ...
............... ###
##.........####
#.......#.#
#..........
########.(.. .%..≈


You could see an adder.

Vanquished Creatures
  A leopard gecko (D:1)
  A bat (D:1)
  4 giant cockroaches
  4 goblins (D:1)
  2 hobgoblins
  5 frilled lizards
  4 kobolds (D:1)
  2 rats
23 creatures vanquished.

Notes
Turn   | Place    | Note
-------+----------+-------------------------------------------
     0 | D:1      | grindst0ne the Formicid Fighter began the quest for the Orb.
     0 | D:1      | Reached XP level 1. HP: 18/18 MP: 1/1
    75 | D:1      | Reached skill level 4 in Shields
   108 | D:1      | Reached XP level 2. HP: 21/24 MP: 2/2
   336 | D:1      | Reached XP level 3. HP: 28/29 MP: 3/3
   529 | D:2      | Reached skill level 5 in Shields
   563 | D:2      | HP: 1/29 [adder (4)]
   564 | D:2      | Succumbed to an adder's poison

Vault maps used:
D:1:      eino_arrival_cavern_b
D:2:      chequers_ecumenical_altar_island

Skill      XL: |  1  2  3 |
---------------+----------+-----
Shields        | 4 5 |  5.0
Fighting       | |  3.2
Axes           | |  2.0
Armour         | |  3.2

Action                   || total
-------------------------++-------
Melee: War axe           ||    81
Armor: Scale mail        ||    31
Dodge: Dodged            ||    27
Block: Shield            ||    54
